 Dungeon Crawl Stone Soup version 0.20-a0-645-g0ac6e19 (webtiles) character file.

164 jfizz the Conjurer (level 5, -8/25 HPs)
             Began as a Vine Stalker Conjurer on Feb 15, 2017.
             Was an Initiate of the Shining One.
             Mangled by a gnoll
             ... wielding a +0 spear
              (10 damage)
             ... on level 4 of the Dungeon.
             The game lasted 00:15:43 (3479 turns).

jfizz the Conjurer (Vine Stalker Conjurer)          Turns: 3479, Time: 00:15:43

Health: -8/25      AC:  2    Str: 16    XL:     5   Next: 45%
Magic:  0/11       EV: 13    Int: 15    God:    the Shining One [......]
Gold:   106        SH:  3    Dex: 15    Spells: 3/10 levels left

rFire    . . .     SeeInvis .     - Unarmed
rCold    . . .     Gourm    .   a - +0 robe
rNeg     . . .     Faith    .   e - +0 buckler
rPois    .         Spirit   +   (no helmet)
rElec    .         Reflect  .   (no cloak)
rCorr    .         Harm     .   (no gloves)
MR       .....                  (no boots)
Stlth    +.........             (no amulet)
Regen    0.5/turn               (no ring)
MPRegen  0.2/turn               d - +2 ring of evasion

@: mighty, exhausted, very slightly contaminated, slowed, glowing, very slow
A: fangs 2, regeneration 1, magic shield, antimagic bite, no potion heal 3, rot
immunity
a: Renounce Religion


You were on level 4 of the Dungeon.
You worshipped the Shining One.
The Shining One was noncommittal.
You were not hungry.

You visited 1 branch of the dungeon, and saw 4 of its levels.

You collected 106 gold pieces.

Inventory:

Armour
 a - a +0 robe (worn)
 e - a +0 buckler (worn)
Jewellery
 d - a +2 ring of evasion (left hand)
Scrolls
 g - a scroll of enchant armour {unknown}
 h - a scroll of enchant weapon {unknown}
 i - a scroll of magic mapping {unknown}
 k - 2 scrolls of immolation {unknown}
 m - a scroll of fear {unknown}
 n - a scroll of noise {unknown}
 r - a scroll of remove curse {unknown}
 s - a scroll of amnesia {unknown}
Potions
 l - 4 potions of curing
 o - a potion of might
Books
 b - a book of Conjurations

   Spells                             Type                      Level
   a - Magic Dart                     Conjuration                  1
   b - Searing Ray                    Conjuration                  2
   c - Dazzling Spray                 Conjuration/Hexes            3
   d - Fulminant Prism                Conjuration/Hexes            4
   e - Force Lance                    Conjuration/Translocation    4
   f - Iskenderun's Mystic Blast      Conjuration                  4
Comestibles
 c - 2 bread rations
 p - a meat ration
 q - a royal jelly


   Skills:
 + Level 0.3 Fighting
 + Level 1.7 Dodging
 + Level 3.0 Stealth
 + Level 1.0 Unarmed Combat
 + Level 3.4 Spellcasting
 + Level 5.4 Conjurations


You had 3 spell levels left.
You knew the following spells:

 Your Spells              Type           Power        Failure   Level  Hunger
a - Magic Dart            Conj           ###.         4%          1    None
b - Searing Ray           Conj           ###...       8%          2    ##.....
c - Iskenderun's Mystic   Conj           ###.....     38%         4    ####...


Dungeon Overview and Level Annotations

Branches:
Dungeon (4/15)
 Temple: D:4-7

Altars:
Ashenzari
Vehumet
The Shining One

Annotations:
D:4 Zdeegee's ghost, amateur DsVM


Innate Abilities, Weirdness & Mutations

You have extremely sharp teeth.
Your natural rate of healing is unusually fast.
When hurt, damage is shared between your health and your magic reserves.
Your bite disrupts and absorbs the magic of your enemies.
Potions cannot restore your health.
You are immune to rotting.


Message History

The gnoll closely misses you. x2
You closely miss Zdeegee's ghost.
Zdeegee's ghost is heavily damaged.
Zdeegee's ghost hits you.
* * * LOW HITPOINT WARNING * * *
You hit Zdeegee's ghost. Your bite misses Zdeegee's ghost.
Zdeegee's ghost is heavily damaged.
The gnoll closely misses you. The gnoll barely misses you.
You barely miss Zdeegee's ghost.
Zdeegee's ghost is heavily damaged.
You are no longer berserk.
You are exhausted.
You feel yourself slow down. Zdeegee's ghost hits you.
* * * LOW HITPOINT WARNING * * *
The gnoll hits you but does no damage.
It was a potion of might.
You feel very mighty all of a sudden. The gnoll barely misses you.
Zdeegee's ghost misses you.
The gnoll hits you from afar with a spear!
You die...

## .. #. ## .# ###.# #
.. .# .#.. .#.##. .#
#..# ......##)# #..#
.....g.######..######♣
#..Wg..............♣
#@########.#####≈ #.#
#.# #.# #.# # #.# #<#
##8## #.# #.#
8...8##.# #.######♣
.....##.# #.†......
.)...>#.# #.######.
.....##.###### #.#


You could see Zdeegee's ghost and 2 gnolls.

Vanquished Creatures
  An orc wizard (D:3)
  A gnoll (D:4)
  4 adders
  4 oozes
  3 worms
  A dart slug (D:1)
  A leopard gecko (D:2)
  4 orcs (D:3)
  A giant cockroach (D:2)
  4 goblins
  6 hobgoblins
  11 bats
  10 frilled lizards
  6 kobolds
  11 rats
68 creatures vanquished.

Notes
Turn   | Place    | Note
-------+----------+-------------------------------------------
     0 | D:1      | jfizz the Vine Stalker Conjurer began the quest for the Orb.
     0 | D:1      | Reached XP level 1. HP: 9/9 MP: 4/4
   352 | D:1      | Reached XP level 2. HP: 13/13 MP: 3/6
   851 | D:2      | Found a glowing golden altar of the Shining One.
  1005 | D:2      | Reached XP level 3. HP: 3/16 MP: 1/7
  1311 | D:2      | Found a shattered altar of Ashenzari.
  1323 | D:2      | Learned a level 2 spell: Searing Ray
  1398 | D:2      | Found a radiant altar of Vehumet.
  1585 | D:2      | Gained mutation: Your natural rate of healing is unusually fast. [Vine Stalker growth]
  1585 | D:2      | Reached XP level 4. HP: 21/21 MP: 4/9
  2057 | D:2      | Reached skill level 5 in Conjurations
  2068 | D:2      | Learned a level 4 spell: Iskenderun's Mystic Blast
  2782 | D:3      | Reached XP level 5. HP: 25/25 MP: 6/10
  2887 | D:3      | Found a glowing golden altar of the Shining One.
  2894 | D:3      | Became a worshipper of the Shining One
  3457 | D:4      | Reached skill level 1 in Unarmed Combat
  3460 | D:4      | Noticed Zdeegee's ghost (amateur DsVM)
  3479 | D:4      | Mangled by a gnoll

Vault maps used:
D:1:      dpeg_arrival_refuge
D:2:      lemuel_doored_altar, nicolae_overflow_crystal_walls,
          nicolae_ashenzari_panopticon
D:3:      nicolae_tso_carved_into_rock
D:4:      nicolae_overflow_hidden_temple, minmay_temple_entry_from_below_a,
          first_bread, serial_bayou_lagoon_b

Skill      XL: |  1  2  3  4  5 |
---------------+----------------+-----
Conjurations   | 5 |  5.4
Stealth        | 3 |  3.0
Spellcasting   | 3 |  3.4
Unarmed Combat | 1 |  1.0
Fighting       | |  0.3
Dodging        | |  1.7

Action                   |  1- 3 |  4- 6 || total
-------------------------+-------+-------++-------
Melee: Unarmed           |    11 |    12 ||    23
       Bite              |     5 |     2 ||     7
 Cast: Magic Dart        |    61 |    97 ||   158
       Searing Ray       |       |     3 ||     3
       Iskenderun's Myst |       |     1 ||     1
  Use: Scroll            |     2 |       ||     2
       Potion            |     1 |     2 ||     3
  Eat: Chunk             |     3 |     2 ||     5
       Meat ration       |       |     1 ||     1
Armor: Robe              |     1 |     3 ||     4
Dodge: Dodged            |     9 |    22 ||    31
Block: Buckler           |       |     6 ||     6
